AoeStats
← DarWix 2.0

African Clearing

505837119Analyzed
2v2 RM · 22d ago on Sep 11, 2026· 67m 58s· 4 players
Game mode
Random Map
Map size
Medium (4 player)
Population
200
Speed
Normal
Resources
Standard
Victory
Conquest
Starting age
Dark Age
Ending age
Imperial Age
RankedLock teamsTeams togetherTeam positionsShared explorationLock speedFull tech treeHidden civsTurbo modeCheats
Victory
Defeat
🇫🇷 Chinese · France
1497
+14
🇪🇸 Persians · Spain
1392
+18
🇫🇷 Berbers · France
1450
-16
🇫🇷 Huns · France
1445
-16
Ligéis
7:07 Loom
13:47 Feudal Age
17:09 Castle Age
15:33 Double-Bit Axe
16:32 Fletching
17:54 Bodkin Arrow
18:10 Horse Collar
18:22 Gold Mining
20:56 Ballistics
20:55 Padded Archer Armor
26:31 Bloodlines
29:34 Elite Skirmisher
41:31 Horse Collar
48:35 Wheelbarrow
52:49 Imperial Age
53:47 Bow Saw
53:38 Heavy Plow
54:14 Gold Shaft Mining
53:31 Stone Mining
54:53 Thumb Ring
55:16 Bracer
55:32 Leather Archer Armor
55:55 Hand Cart
55:44 Scale Mail Armor
59:14 Chemistry
61:47 Chain Mail Armor
61:01 Pikeman
61:42 Squires
61:28 Arson
61:48 Halberdier
62:46 Forging
63:39 Conscription
Jesus Omega
9:38 Loom
10:02 Loom
12:51 Feudal Age
17:09 Castle Age
16:19 Double-Bit Axe
18:07 Bow Saw
17:56 Fletching
19:55 Bodkin Arrow
24:55 Wheelbarrow
24:22 Horse Collar
25:32 Padded Archer Armor
26:38 Gold Mining
26:39 Stone Mining
27:24 Bloodlines
29:53 Husbandry
30:42 Scale Barding Armor
31:11 Forging
31:30 Ballistics
33:46 Chain Barding Armor
34:39 Light Cavalry
35:54 Leather Archer Armor
36:14 Iron Casting
40:07 Imperial Age
38:27 Gold Shaft Mining
37:56 Heavy Plow
40:11 Cavalier
41:38 Plate Barding Armor
42:22 Blast Furnace
42:13 Ring Archer Armor
41:49 Bracer
44:38 Heavy Camel Rider
47:02 Blast Furnace
46:24 Elite Genitour
47:10 Thumb Ring
49:31 Chemistry
49:07 Conscription
48:55 Maghrebi Camels
54:34 Hussar
DarWix 2.0
3:01 Loom
12:33 Feudal Age
13:13 Double-Bit Axe
16:14 Castle Age
16:02 Town Watch
20:21 Horse Collar
21:38 Fletching
23:04 Bodkin Arrow
25:09 Padded Archer Armor
27:01 Leather Archer Armor
27:24 Ballistics
28:28 Gold Mining
36:15 Imperial Age
36:15 Wheelbarrow
36:02 Bow Saw
35:53 Heavy Plow
36:29 Gold Shaft Mining
37:03 Bracer
38:57 Chemistry
42:11 Conscription
43:12 Ring Archer Armor
43:42 Arrowslits
46:36 Hand Cart
47:36 Masonry
47:29 Elite Chu Ko Nu
50:59 Hand Cart
52:35 Forging
53:02 Forging
54:54 Thumb Ring
55:40 Masonry
57:15 Great Wall
58:19 Husbandry
57:40 Light Cavalry
58:42 Scale Mail Armor
59:11 Pikeman
59:51 Squires
59:39 Arson
65:20 Chain Mail Armor
67:17 Architecture
66:44 Murder Holes
chinorro
10:24 Loom
12:10 Feudal Age
12:54 Double-Bit Axe
20:35 Castle Age
19:19 Scale Barding Armor
19:19 Gold Mining
21:19 Forging
21:21 Husbandry
22:22 Chain Barding Armor
22:48 Bloodlines
23:40 Bow Saw
24:55 Light Cavalry
26:39 Horse Collar
31:39 Wheelbarrow
31:33 Fletching
31:55 Heavy Plow
34:33 Hand Cart
38:38 Bodkin Arrow
38:43 Padded Archer Armor
39:19 Iron Casting
41:56 Imperial Age
44:25 Two-Man Saw
44:08 Gold Shaft Mining
43:06 Heavy Camel Rider
44:39 Cavalier
49:11 Crop Rotation
54:08 Hussar
56:14 Blast Furnace
60:58 Conscription
60:51 Citadels
61:53 Plate Barding Armor
Connection lost

Rejoining the realm…

Still unreachable

The connection could not be restored.

Session expired

The server has moved on; the page needs a fresh start.